 Dungeon Sprint DCSS version 0.16-a0-3049-g2a447e9 (webtiles) character file.

8 BluebellGnoll the Gouger (level 2, -14/18 HPs)
             Began as a Felid Transmuter on Dec 9, 2014.
             Was an Initiate of Makhleb.
             Demolished by a jumping spider (16 damage)
             ... in the Dungeon (Sprint V: "Ziggurat Sprint").
             The game lasted 00:00:37 (38 turns).

BluebellGnoll the Gouger (Felid Transmuter)           Turns: 38, Time: 00:00:37

Health: -14/18     AC:  1    Str: 17    XL:     2   Next: 0%
Magic:  4/5        EV: 18    Int: 20    God:    Makhleb [......]
Gold:   0          SH:  0    Dex: 16    Spells: 1 memorised, 4 levels left
                                        Lives:  0   Deaths: 0

rFire  . . .     SeeInvis +       - Unarmed
rCold  . . .     Clarity  .     (armour unavailable)
rNeg   . . .     SustAb   .     (shield unavailable)
rPois  .         Gourm    .     (helmet unavailable)
rElec  .         Spirit   .     (cloak unavailable)
rCorr  .         Warding  .     (gloves unavailable)
rMut   .         NoTele   +     (boots unavailable)
MR     .....                    (no amulet)
Stlth  ..........               q - +6 ring of intelligence
                                s - +6 ring of strength

@: berserking, appendage, very quick, not resistant to hostile enchantments,
extremely unstealthy
A: paw claws, no armour, no weapons or thrown items, fangs 3, horns 2, see
invisible, carnivore 3, speed 1, shaggy fur 1, slow metabolism 1
a: End Transformation, Renounce Religion


You were in the Dungeon.
You worshipped Makhleb.
Makhleb was noncommittal.
You were not hungry.
You had grown temporary horns.
You visited 1 branch

Inventory:

Missiles
 b - 12 arrows
Jewellery
 q - a +6 ring of intelligence (right paw)
 r - a +6 ring of strength
 s - a +6 ring of strength (left paw)
Magical devices
 c - a wand of disintegration (7)
 k - a wand of fire (5)
 l - a wand of cold (5)
 m - a wand of draining (5)
Scrolls
 j - 4 scrolls of blinking
 n - 4 scrolls of amnesia
 o - 3 scrolls of recharging
 p - 7 scrolls of fog
 t - a scroll of holy word
 u - 5 scrolls of identify
 v - 5 scrolls of remove curse
 w - 2 scrolls of fear
Potions
 e - 10 potions of curing
 f - 10 potions of heal wounds
 g - 6 potions of haste
 h - 7 potions of magic
 i - 2 potions of berserk rage
 x - 2 potions of brilliance
 z - 2 potions of invisibility
 A - 2 potions of restore abilities
 B - 4 potions of resistance
 D - 5 potions of agility
 E - 5 potions of might
Books
 d - a book of Changes

   Spells                             Type                      Level
   a - Beastly Appendage              Transmutation                1
   b - Sticks to Snakes               Transmutation                2
   c - Spider Form                    Transmutation/Poison         3
   d - Ice Form                       Ice/Transmutation            4
   e - Blade Hands                    Transmutation                5
Comestibles
 a - 5 meat rations


   Skills:
 - Level 1.0 Fighting
 - Level 2.6 Dodging
 - Level 8.0 Unarmed Combat
 - Level 2.0 Spellcasting
 + Level 2.1 Transmutations


You had 4 spell levels left.
You knew the following spells:

 Your Spells              Type           Power        Failure   Level  Hunger
a - Beastly Appendage     Trmt           ##....       10%         1    #......


Dungeon Overview and Level Annotations

Branches:
Dungeon (1/1)

Altars:
Ashenzari
Cheibriados
Dithmenos
Elyvilon
Fedhas
Gozag
Kikubaaqudgha
Makhleb
Nemelex Xobeh
Okawaru
Qazlal
Ru
Sif Muna
Trog
Vehumet
Xom
Yredelemnul
Zin
The Shining One
Beogh
Jiyva
Lugonu


Innate Abilities, Weirdness & Mutations

You cannot wear armour.
You are incapable of wielding weapons or throwing items.
Your paws have sharp claws.
You have razor-sharp teeth.
You have supernaturally acute eyesight.
You are carnivorous and can eat meat at any time.
You cover ground quickly.
You are covered in fur (AC +1).
You have a slow metabolism.
You have a pair of horns on your head.


Message History

Confirm with . or Enter, or press ? or * to list all spells.
You grow a pair of large bovine horns.
Drink which item? (? for menu, Esc to quit)
A red film seems to cover your vision as you go berserk!
You feel yourself moving faster!
You feel mighty!
Your surroundings seem different!
Welcome to arena 1.
You feel a strong urge to attack something.
A jumping spider and a tarantella come into view.
The jumping spider hisses angrily.
Found two items.
The tarantella misses you. The jumping spider pounces on you!
Ouch! That really hurt!
* * * LOW HITPOINT WARNING * * *
The jumping spider completely misses you.
You miss the jumping spider. The tarantella misses you.
You claw the jumping spider! You bite the jumping spider!
The jumping spider is severely wounded.
The jumping spider pounces on you!
Ouch! That really hurt!
You die...

▓▓▓▓▓▓▓
▓.8©8.▓
▓.....▓
▓.).=.▓
▓.ss..▓
▓..@..▓
▓.....▓
▓▓▓▓▓▓▓


You could see a jumping spider and a tarantella.

Vanquished Creatures (others)
  A spatial maelstrom (D)
1 creature vanquished.

Notes
Turn   | Place    | Note
--------------------------------------------------------------
     0 | D        | BluebellGnoll, the Felid Transmuter, began the quest for the Orb.
     0 | D        | Reached XP level 1. HP: 9/9 MP: 4/4
     0 | D        | Found a viscous altar of Jiyva.
     0 | D        | Found a corrupted altar of Lugonu.
     0 | D        | Found a white marble altar of Elyvilon.
     2 | D        | Found a sparkling altar of Nemelex Xobeh.
     2 | D        | Found a burning altar of Makhleb.
     2 | D        | Found a deep blue altar of Sif Muna.
     3 | D        | Found a bloodstained altar of Trog.
     6 | D        | Found an iron altar of Okawaru.
     6 | D        | Banished a spatial maelstrom
    14 | D        | Found a radiant altar of Vehumet.
    15 | D        | Found a basalt altar of Yredelemnul.
    28 | D        | Became a worshipper of Makhleb the Destroyer
    30 | D        | Found a shimmering altar of Xom.
    32 | D        | Reached skill level 8 in Unarmed Combat
    32 | D        | Reached XP level 2. HP: 12/12 MP: 5/5
    35 | D        | Entered arena 1.
    35 | D        | Noticed a tarantella
    35 | D        | Noticed a jumping spider
    38 | D        | Demolished by a jumping spider

Action                   || total
-------------------------++-------
Melee: Unarmed           ||     2
 Cast: Beastly Appendage ||     1
  Use: Potion            ||     2
